 Dungeon Crawl Stone Soup version 0.19.4-12-gccf7e64 (console) character file.

8869 Grinner the Blocker (level 11, -4/154 HPs)
             Began as a Troll Fighter on Feb 27, 2017.
             Succumbed to Sonja's poison
             ... on level 2 of the Lair of Beasts.
             The game lasted 00:20:32 (6921 turns).

Grinner the Blocker (Troll Fighter)                 Turns: 6921, Time: 00:20:32

Health: -4/154     AC: 25    Str: 28 (29) XL:     11   Next: 15%
Magic:  14/14      EV:  1    Int:  4      God:
Gold:   113        SH: 13    Dex: 16      Spells: 3 memorised, 6 levels left

rFire  + . .     SeeInvis .       - Unarmed
rCold  . . .     Gourm    +     (armour currently unavailable)
rNeg   + + +     Faith    .     b - +0 shield
rPois  +         Spirit   .     (helmet currently unavailable)
rElec  .         Reflect  .     (cloak currently unavailable)
rCorr  .         Harm     .     (gloves unavailable)
MR     .....     Clarity  +     (boots unavailable)
Stlth  ++........ NoTele   +    (no amulet)
                                q - ring of protection from fire
                                x - +4 ring of dexterity

@: agile, lethally poisoned (-4 -> -68), tree-form, very slightly contaminated,
slowed, invisible (expiring), very slow
A: unfitting armour, (claws 0), (horns 0), (icy blue scales 0), blink, clarity,
clumsy 1, (cold resistance 0), deterioration 1, fast metabolism 3, gourmand,
regeneration 1, robust 1, screaming 2, (shaggy fur 0), (tough skin 0), subdued
magic 1
a: Blink


You were on level 2 of the Lair of Beasts.
You were completely stuffed.
You were a tree.
You visited 2 branches of the dungeon, and saw 10 of its levels.

You collected 420 gold pieces.
You spent 307 gold pieces at shops.

Inventory:

Armour
 b - a +0 shield (worn)
 f - a +2 cloak (melded)
 H - a +0 hat of see invisible (melded)
 L - +0 steam dragon scales (melded)
Jewellery
 q - a ring of protection from fire (right branch)
 s - an uncursed ring of flight
 x - a +4 ring of dexterity (left branch)
Wands
 a - a wand of paralysis (8/24)
 p - a wand of paralysis (0/24)
 r - a wand of acid (0/15)
 u - a wand of iceblast (4/15)
 v - a wand of acid (6/15)
 y - a wand of digging (13/24)
 G - a wand of acid (2/15)
Scrolls
 g - a scroll of enchant weapon
 h - a scroll of blinking
 j - 3 scrolls of fog
 k - 2 scrolls of remove curse
 l - 2 scrolls of teleportation
 o - a scroll of immolation
 t - a scroll of amnesia
 E - a scroll of fear
Potions
 c - 2 potions of might
 A - a potion of resistance
 C - a potion of cure mutation
Books
 I - a book of Changes

   Spells                             Type                      Level
   a - Beastly Appendage              Transmutation                1
   b - Sticks to Snakes               Transmutation                2
   c - Spider Form                    Transmutation/Poison         3
   d - Ice Form                       Ice/Transmutation            4
   e - Blade Hands                    Transmutation                5
Comestibles
 d - 8 bread rations
 i - 5 meat rations
 m - 8 fruits
 n - 4 beef jerkies
 w - 9 slices of pizza
 B - 2 royal jellies


   Skills:
 - Level 2.4 Fighting
 - Level 2.6 Dodging
 - Level 10.6 Shields
 + Level 9.7 Unarmed Combat
 * Level 3.2 Spellcasting
 * Level 4.2 Transmutations


You had 6 spell levels left.
You knew the following spells:

 Your Spells              Type           Power        Failure   Level  Hunger
a - Ice Form              Ice/Tmut       #.......     99%         4    #####..
x - Blade Hands           Tmut           #.........   99%         5    ######.
z - Beastly Appendage     Tmut           #.....       8%          1    ##.....


Dungeon Overview and Level Annotations

Branches:
Dungeon (8/15)             Temple (0/1) D:4            Lair (2/6) D:8
  Swamp: Lair:2-4    Shoals: Lair:2-4     Snake: Lair:2-4    Spider: Lair:2-4

Altars:
Fedhas
Gozag
Qazlal
Ru
Trog
The Shining One

Shops:
D:6 *[%?   D:8 *

Annotations:
Lair:2 Sonja


Innate Abilities, Weirdness & Mutations

You are too large for most types of armour.
((You have claws for hands.))
Your metabolism is lightning-fast.
You like to eat raw meat.
Your natural rate of healing is unusually fast.
((You are covered in fur. (AC +1)))
((You have very tough skin. (AC +2)))
((You have a pair of small horns on your head.))
((You are partially covered in icy blue scales. (AC +2)))
You can translocate small distances at will.
You possess an exceptional clarity of mind.
You are clumsy. (Dex -2)
((Your flesh is cold resistant. (rC+)))
Your body sometimes deteriorates upon taking damage.
You are robust. (+10% HP)
You sometimes yell uncontrollably at your foes.
Your spells are a little easier to cast, but a little less powerful.


Message History

Sonja hits you but does no damage. You block Sonja's attack.
Sonja hits you but does no damage. The spiny frog stings you.
* * * LOW HITPOINT WARNING * * *
You miss Sonja.
Sonja is heavily wounded.
* * * LOW HITPOINT WARNING * * *
You feel extremely sick. You block Sonja's attack. Sonja barely misses you.
You block Sonja's attack.
The spiny frog stings you but does no damage.
Sonja hits you but does no damage. x3
You smack Sonja!
Sonja is almost dead.
You flicker for a moment.
* * * LOW HITPOINT WARNING * * *
You feel extremely sick. You block the spiny frog's attack.
You block Sonja's attack. Sonja completely misses you.
You block Sonja's attack.
You barely miss Sonja.
Sonja is almost dead.
You die...

........###.....#
........# ##....#######
P.......# #...........
####....## #...^.......
## #...#.###...........
#.##...................
##...<..<.......#####.
...............F##
#.#.....#.#....K♣#
#......###.....S##
##.....................
##....................!
....##.................
....# .................
.#... .................
.............#K
.............#


You could see a spiny frog, Sonja and a water moccasin.

Vanquished Creatures
  Gastronok (D:8)
  Pikel (D:8)
  Maurice (D:8)
  A spiny frog (Lair:1)
  2 komodo dragons
  A hornet (D:8)
  5 blink frogs (Lair:2)
  A two-headed ogre (D:8)
  Sigmund (D:2)
  A yak (D:7)
  A human (D:7)
  A hungry ghost (D:8)
  3 hogs (D:7)
  A steam dragon (D:8)
  Menkaure (D:4)
  Edmund (D:6)
  A water moccasin (Lair:1)
  2 orc warriors
  2 sky beasts (D:8)
  3 ice beasts
  A slave (D:8)
  4 ogres
  A phantom (D:4)
  A centaur (D:8)
  A crocodile (D:8)
  The ghost of broliato the Cutter, an amateur KoFi (D:3)
  4 bullfrogs
  A howler monkey (D:4)
  3 wights (D:8)
  3 crimson imps
  3 hounds
  A jelly (D:8)
  3 orc priests
  A centaur zombie (D:5)
  4 orc wizards
  2 bullfrog skeletons
  Terence (D:2)
  12 iguanas
  8 worker ants
  9 adders
  7 gnolls
  A shadow imp (D:7)
  An ooze (D:3)
  An adder skeleton (D:4)
  3 worms
  3 dart slugs
  3 leopard geckos
  17 orcs
  10 bats
  6 giant cockroaches
  5 goblins
  11 hobgoblins
  14 jackals
  4 quokkas
  A ball python zombie (D:5)
  5 frilled lizards
  7 kobolds
  A quokka skeleton (D:5)
  7 rats
202 creatures vanquished.

Vanquished Creatures (others)
  A slave (D:8)
  2 orcs (D:8)
3 creatures vanquished.

Grand Total: 205 creatures vanquished

Notes
Turn   | Place    | Note
-------+----------+-------------------------------------------
     0 | D:1      | Grinner the Troll Fighter began the quest for the Orb.
     0 | D:1      | Reached XP level 1. HP: 22/22 MP: 0/0
   320 | D:1      | Reached XP level 2. HP: 29/29 MP: 1/1
  1063 | D:2      | Reached skill level 3 in Shields
  1153 | D:2      | Noticed Sigmund
  1162 | D:2      | Killed Sigmund
  1162 | D:2      | Reached skill level 4 in Shields
  1162 | D:2      | Reached XP level 3. HP: 14/36 MP: 2/2
  1162 | D:2      | Reached XP level 4. HP: 17/44 MP: 3/3
  1162 | D:2      | Reached XP level 5. HP: 20/50 MP: 4/4
  1499 | D:2      | Noticed Terence
  1507 | D:2      | Killed Terence
  1741 | D:3      | Reached XP level 6. HP: 24/59 MP: 5/5
  1807 | D:3      | Reached skill level 5 in Shields
  2064 | D:3      | Found a sacrificial altar of Ru.
  2170 | D:3      | Noticed broliato's ghost (amateur KoFi)
  2177 | D:3      | Killed broliato's ghost
  2595 | D:3      | Reached XP level 7. HP: 64/66 MP: 6/6
  2731 | D:4      | Noticed Menkaure
  2744 | D:4      | Gained mutation: Your flesh is cold resistant. (rC+) [potion of mutation]
  2744 | D:4      | Gained mutation: Your spells are a little easier to cast, but a little less powerful. [potion of mutation]
  2744 | D:4      | Gained mutation: You possess an exceptional clarity of mind. [potion of mutation]
  2755 | D:4      | Killed Menkaure
  2755 | D:4      | Reached skill level 6 in Shields
  2755 | D:4      | Reached skill level 5 in Unarmed Combat
  2889 | D:4      | Gained mutation: You have a pair of small horns on your head. [potion of mutation]
  2889 | D:4      | Gained mutation: You can translocate small distances at will. [potion of mutation]
  3053 | D:4      | Found a staircase to the Ecumenical Temple.
  3064 | D:4      | Reached XP level 8. HP: 73/74 MP: 7/7
  3160 | D:4      | Reached skill level 7 in Shields
  3338 | D:5      | Entered Level 5 of the Dungeon
  3529 | D:5      | Found a glowing golden altar of the Shining One.
  4029 | D:6      | Found a bloodstained altar of Trog.
  4044 | D:6      | Found Xadumosk's General Store.
  4098 | D:6      | Got a warped dagger
  4099 | D:6      | Identified the cursed +2 dagger of Paff {pierce, *Noise Dex+5} (You found it on level 6 of the Dungeon)
  4131 | D:6      | Noticed Edmund
  4144 | D:6      | Killed Edmund
  4213 | D:6      | Reached skill level 8 in Shields
  4220 | D:6      | Found Goehet's Antique Armour Boutique.
  4240 | D:6      | Found a blossoming altar of Fedhas.
  4385 | D:6      | Found Uxiunn's Magic Scroll Emporium.
  4551 | D:6      | Found Yfruocw's Food Emporium.
  4953 | D:7      | Reached XP level 9. HP: 68/80 MP: 8/8
  4996 | D:7      | Reached skill level 9 in Shields
  5169 | D:7      | Found a stormy altar of Qazlal.
  5357 | D:6      | Bought an embroidered cloak for 283 gold pieces
  5434 | D:8      | Noticed Gastronok
  5452 | D:8      | Killed Gastronok
  5452 | D:8      | Reached skill level 10 in Shields
  5452 | D:8      | Reached XP level 10. HP: 60/88 MP: 9/9
  5492 | D:8      | Gained mutation: You occasionally shout uncontrollably at your foes. [mutagenic meat]
  5494 | D:8      | Gained mutation: You are clumsy. (Dex -2) [mutagenic meat]
  5495 | D:8      | Gained mutation: You sometimes yell uncontrollably at your foes. [mutagenic meat]
  5496 | D:8      | Gained mutation: You are partially covered in icy blue scales. (AC +2) [mutagenic meat]
  5507 | D:8      | Learned a level 1 spell: Beastly Appendage
  5513 | D:8      | Learned a level 5 spell: Blade Hands
  5633 | D:8      | Reached skill level 1 in Transmutations
  5646 | D:8      | Reached skill level 1 in Spellcasting
  5678 | D:8      | Found Coaxoip's General Store.
  5681 | D:8      | Bought a scroll of identify for 24 gold pieces
  5699 | D:8      | Found an opulent altar of Gozag.
  5730 | D:8      | Noticed Maurice
  5744 | D:8      | Killed Maurice
  5857 | D:8      | Noticed Pikel
  5873 | D:8      | Killed Pikel
  5892 | D:8      | Got a crude demon blade {slice}
  5899 | D:8      | Gained mutation: You are robust. (+10% HP) [mutagenic meat]
  5901 | D:8      | Gained mutation: Your body sometimes deteriorates upon taking damage. [mutagenic meat]
  5918 | D:8      | Identified the +6 demon blade of Riugiteown {slice, rN+} (You took it off an orc warrior on level 8 of the Dungeon)
  6011 | D:8      | Found a staircase to the Lair.
  6290 | Lair:1   | Entered Level 1 of the Lair of Beasts
  6353 | Lair:1   | Learned a level 4 spell: Ice Form
  6400 | Lair:1   | Noticed a spiny frog
  6413 | Lair:1   | Killed a spiny frog
  6413 | Lair:1   | Reached XP level 11. HP: 44/103 MP: 12/14
  6587 | Lair:1   | Noticed a four-headed hydra
  6669 | Lair:1   | Noticed an eight-headed hydra
  6899 | Lair:2   | Noticed Sonja
  6920 | Lair:2   | HP: 4/154 [poisoned by Sonja]
  6921 | Lair:2   | Succumbed to Sonja's poison

Skill      XL: |  1  2  3  4  5  6  7  8  9 10 11 |
---------------+----------------------------------+-----
Shields        | 4 5 6 8 10 | 10.6
Unarmed Combat | 3 4 5 7 9 |  9.7
Transmutations | 3 4 |  4.2
Spellcasting   | 2 3 |  3.2
Fighting       | |  2.4
Dodging        | |  2.6

Action                   |  1- 3 |  4- 6 |  7- 9 | 10-12 || total
-------------------------+-------+-------+-------+-------++-------
Melee: Unarmed           |    57 |   153 |   243 |   181 ||   634
       Headbutt          |       |       |    40 |    27 ||    67
Evoke: Wand              |       |     5 |     9 |     3 ||    17
  Use: Potion            |     1 |       |     7 |     6 ||    14
       Scroll            |       |       |    14 |     2 ||    16
 Stab: Paralysed         |       |     7 |       |       ||     7
       Sleeping          |       |     1 |     1 |     1 ||     3
  Eat: Chunk             |    15 |    12 |    26 |    32 ||    85
Armor: Robe              |    31 |    31 |    37 |     7 ||   106
       Steam dragon scal |       |       |       |    23 ||    23
       Skin              |       |       |       |    40 ||    40
Dodge: Dodged            |    15 |    48 |    66 |    43 ||   172
Block: Shield            |    24 |    54 |    97 |   108 ||   283
